Map: Interloper LE

Players

Ascarecrow - Winner!

  • Race: Zerg Zerg
  • League: Master
  • Spawn Location: 5:00

CalebAracous

  • Race: Protoss Protoss
  • League: Grandmaster
  • Spawn Location: 11:00

VOD

Have the link to the VOD?

Description

Time

  • Played on: Aug. 10, 2017, 7:30 p.m.
  • Length: 10:16
Show
View Real Time Build Order
Export as new Build Order

Ascarecrow Zerg - Winner!

Build Orders: Pool First 

Get SALT Encoding   

  12  0:19  Spawning Pool  
  11  0:22  Drone  
  11  0:27  Drone  
  13  0:31  Drone  
  14  0:40  Overlord  
  14  1:06  Zergling x2  
  14  1:07  Zergling x4  
  17  1:18  Hatchery  
  17  1:19  Zergling x2  
  17  1:29  Zergling x2  
  18  1:35  Queen  
  20  1:41  Drone  
  21  2:01  Overlord  
  21  2:02  Drone  
  21  2:13  Extractor  
  21  2:14  Drone  
  21  2:34  Drone x3  
  23  2:43  Queen  
  25  2:45  Queen  
  25  2:49  Drone  
  25  2:50  Drone x3  
  31  2:56  Drone x2  
  33  3:06  Overlord  
  33  3:08  Drone  
  34  3:16  Drone  
  34  3:17  Drone  
  34  3:19  Metabolic Boost  
  36  3:30  Drone x4  
  40  3:37  Overlord  
  40  3:49  Hatchery  
  39  3:58  Drone  
  39  3:59  Drone x2  
  42  4:05  Lair, Roach Warren  
  42  4:07  Drone  
  42  4:14  Drone x3  
  42  4:15  Drone  
  46  4:17  Extractor  
  46  4:19  Extractor  
  44  4:28  Drone x3  
  44  4:30  Drone x3  
  50  4:34  Overlord  
  50  4:37  Overlord  
  50  4:48  Roach  
  52  4:54  Roach  
  52  4:55  Roach x3  
  60  5:05  Roach  
  60  5:06  Roach x5  
  72  5:16  Overlord  
  72  5:17  Overlord  
  72  5:19  Glial Reconstitution  
  72  5:21  Roach  
  74  5:34  Overlord x2  
  74  5:39  Roach x3  
  74  5:40  Roach x2  
  84  5:47  Roach x3  
  90  5:51  Overlord  
  90  6:03  Overlord x2  
  90  6:04  Roach  
  90  6:05  Roach x3  
  98  6:12  Queen  
  98  6:14  Roach  
  98  6:15  Roach  
  98  6:32  Ravager x3  
  91  6:33  Roach  
  91  6:36  Zergling x18  
  93  6:49  Queen x2  
  97  6:56  Drone  
  98  7:03  Queen  
  100  7:10  Drone  
  100  7:11  Drone x8  
  109  7:39  Extractor  
  109  7:40  Drone x3, Extractor  
  109  7:41  Drone x2  
  109  7:42  Drone  
  113  7:44  Drone  
  113  7:45  Drone x5  
  113  7:47  Evolution Chamber  
  118  7:58  Overlord x2  
  118  8:03  Roach x3  
  126  8:05  Roach  
  126  8:06  Roach x2  
  126  8:11  Extractor  
  126  8:12  Hydralisk Den  
  128  8:13  Drone x2  
  128  8:16  Overlord x4  
  128  8:18  Zerg Missile Weapons Level 1  
  130  8:22  Drone  
  130  8:23  Drone  
  130  8:24  Drone  
  130  8:25  Drone x2  
  135  8:34  Overseer  
  135  8:39  Drone  
  136  8:43  Muscular Augments  
  136  8:44  Hydralisk x8, Spore Crawler  
  151  9:00  Hydralisk x3  
  151  9:01  Hydralisk  
  151  9:02  Roach  
  161  9:04  Hatchery  
  161  9:07  Ravager x2  
  161  9:08  Ravager  
  164  9:10  Overlord x2, Ravager  
  164  9:14  Roach x3  
  169  9:31  Roach x8  
  175  9:43  Roach  
  175  9:44  Roach x5  
  149  9:55  Roach x5  
Show
View Real Time Build Order
Export as new Build Order

CalebAracous Protoss 

Build Orders:  

Get SALT Encoding   

  12  0:01  Probe (Chrono Boost)  
  13  0:11  Probe (Chrono Boost)  
  14  0:17  Pylon  
  14  0:22  Probe (Chrono Boost)  
  15  0:35  Probe (Chrono Boost)  
  16  0:38  Gateway  
  16  0:44  Assimilator  
  16  0:47  Probe (Chrono Boost)  
  17  0:58  Probe (Chrono Boost)  
  18  1:08  Probe (Chrono Boost)  
  19  1:28  Zealot (Chrono Boost)  
  19  1:32  Cybernetics Core  
  21  1:36  Probe  
  22  1:41  Pylon  
  22  1:48  Probe  
  23  1:59  Zealot (Chrono Boost)  
  25  2:10  Nexus  
  25  2:14  Pylon  
  25  2:22  Mothership Core  
  27  2:27  Warp Gate  
  25  2:41  Twilight Council  
  25  2:45  Assimilator  
  25  2:50  Probe (Chrono Boost)  
  26  3:03  Probe (Chrono Boost)  
  27  3:14  Probe (Chrono Boost)  
  27  3:18  Charge (Chrono Boost)  
  28  3:22  Probe  
  28  3:25  Probe  
  30  3:33  Probe  
  30  3:37  Probe  
  32  3:42  Pylon  
  32  3:50  Robotics Facility  
  32  3:51  Gateway, Probe  
  32  3:53  Probe  
  34  4:02  Probe  
  34  4:05  Probe  
  34  4:06  Gateway  
  34  4:09  Gateway  
  36  4:22  Gateway  
  36  4:24  Pylon  
  36  4:29  Gateway x2  
  36  4:34  Gateway  
  36  4:41  Warp Prism (Chrono Boost)  
  38  4:50  Zealot x2  
  42  5:01  Pylon  
  42  5:05  Zealot x2  
  46  5:12  Zealot  
  46  5:13  Zealot  
  50  5:24  Zealot  
  52  5:30  Zealot  
  52  5:34  Pylon  
  54  5:39  Zealot x3  
  54  5:40  Zealot x3  
  66  5:57  Probe  
  66  5:58  Probe  
  66  6:03  Pylon  
  68  6:05  Zealot x2  
  68  6:06  Zealot x4  
  68  6:09  Zealot  
  70  6:28  Zealot x4  
  70  6:29  Zealot x2  
  46  6:52  Probe  
  46  6:54  Probe  
  44  7:03  Probe  
  44  7:06  Immortal (Chrono Boost), Zealot, Probe  
  44  7:07  Zealot x5  
  62  7:18  Probe  
  62  7:20  Probe  
  64  7:28  Zealot x2  
  64  7:29  Zealot x3  
  74  7:41  Immortal (Chrono Boost)  
  74  7:43  Stalker  
  80  7:57  Sentry  
  82  7:58  Zealot x3  
  82  7:59  Zealot  
  82  8:04  Pylon  
  90  8:07  Pylon  
  90  8:09  Sentry  
  92  8:26  Immortal (Chrono Boost)  
  96  8:27  Zealot x4  
  96  8:33  Zealot  
  106  8:42  Pylon  
  106  8:43  Pylon  
  106  8:48  Sentry  
  106  8:49  Zealot  
  110  9:08  Zealot  
  112  9:15  Pylon  
  112  9:16  Pylon  
  112  9:25  Zealot x6  
  112  9:26  Zealot  
  106  9:43  Zealot  
  60  10:12  Zealot  
  60  10:13  Zealot x5  
Tags
 
Add a new tag
Caveats
  • Supply blocks, unpowered buildings, or Contaminate may cause inaccurate times.
  • Supply counts are checked every 10 seconds.